 Dungeon Crawl Stone Soup version 0.31.0-12-g77e489cdc1 (webtiles) character file.

Game seed: 1416054354599103231

129 cdecastro the Cudgeller (level 4, -5/36 HPs)
             Began as an Armataur Warper on Feb 26, 2024.
             Was a Believer of Yredelemnul.
             Slain by Sigmund
             ... wielding a +0 scythe
              (11 damage)
             ... on level 3 of the Dungeon.
             The game lasted 00:02:57 (1815 turns).

cdecastro the Cudgeller (Armataur Warper)           Turns: 1815, Time: 00:02:58

Health: -5/36      AC:  4    Str: 18    XL:     4   Next: 88%
Magic:  6/6        EV:  9    Int: 13    God:    Yredelemnul [**....]
Gold:   132        SH:  0    Dex: 10    Spells: 6/6 levels left

rFire   . . .        n - +1 dagger (venom)
rCold   . . .        (no shield)
rNeg    . . .        b - +0 leather armour
rPois   .            (no helmet)
rElec   .            (no cloak)
rCorr   .            (no gloves)
SInv    .            (no barding)
Will    .....        (no amulet)
Stlth   +            (no ring)
HPRegen 0.26/turn    (no ring)
MPRegen 0.10/turn

%: roll
@: no status effects
A: large, deformed body, tough skin 3, armoured tail, roll 1
a: Renounce Religion, Recall Undead Harvest, Dark Bargain


You were on level 3 of the Dungeon.
You worshipped Yredelemnul.
Yredelemnul was noncommittal.
You visited 1 branch of the dungeon, and saw 3 of its levels.

You collected 132 gold pieces.

Inventory:

Hand Weapons
 a - a +0 mace
 h - a +1 dagger of flaming
 n - a +1 dagger of venom (weapon)
Missiles
 d - 7 darts of dispersal (quivered)
 p - 2 poisoned darts
Armour
 b - a +0 leather armour (worn)
Magical Staves
 j - a staff of fire
Jewellery
 q - a ring of protection from fire
Scrolls
 c - a scroll of blinking
 g - 3 scrolls of identify {unknown}
 i - a scroll of amnesia {unknown}
 k - a scroll of immolation {unknown}
 l - a scroll of torment {unknown}
 m - a scroll of teleportation {unknown}
 r - a scroll of enchant weapon {unknown}
 t - a scroll of fear {unknown}
Potions
 e - a potion of attraction {unknown}
 f - a potion of haste {unknown}
 o - a potion of enlightenment {unknown}
 s - a potion of magic {unknown}


   Skills:
 - Level 1.7 Fighting
 + Level 4.7 Maces & Flails
 - Level 0.8 Throwing
 - Level 1.2 Armour
 - Level 1.3 Dodging
 - Level 1.7 Spellcasting
 - Level 3.0 Translocations


You had 6 spell levels left.
You didn't know any spells.
Your spell library contained the following spells:

 Spells                   Type           Power      Damage    Failure   Level
 Blink                    Tloc           16%        N/A       14%         2
 Lesser Beckoning         Tloc           16%        N/A       14%         2
 Momentum Strike          Conj/Tloc      10%        3d8       26%         2
 Teleport Other           Tloc           8%         N/A       26%         3
 Manifold Assault         Tloc           8%         N/A       65%         4
 Vhi's Electric Charge    Tloc/Air       10%        N/A       86%         4


Dungeon Overview and Level Annotations

Branches:
Dungeon (3/15)

Altars:
Yredelemnul

Annotations:
D:3 Sigmund


Innate Abilities, Weirdness & Mutations

Armour fits poorly on your strangely shaped body.
You have extremely tough skin. (AC +3)
You have a long armoured tail.
You regenerate magic when rolling toward enemies. (Rampage MPRegen)


Message History

The hobgoblin is moderately wounded.
The hobgoblin closely misses you.
You barely miss the hobgoblin.
Your tail-slap misses the hobgoblin.
The hobgoblin is heavily wounded.
The hobgoblin closely misses you.
You hit the hobgoblin.
You kill the hobgoblin!
The dead are walking!
You now have 132 gold pieces (gained 28).
You swap places.
You swap places.
You swap places.
Sigmund the Dreaded comes into view.
He is wielding a +0 scythe.
Sigmund shouts!
Sigmund is nearby!
You roll towards Sigmund!
Sigmund mumbles some strange words.
Sigmund flickers and vanishes!
Deactivating autopickup; reactivate with Ctrl-A.
Something hits you.
You hit something but do no damage. Something hits you!
You can no longer trade souls for undead servants.
You barely miss something. You barely miss something.
Something hits you but does no damage.
You barely miss something.
You hear some strange, mumbled words.
A magic dart appears from out of thin air!
The magic dart hits you.
You hit something.
Your tail-slap misses something.
Something hits you.
You can now trade souls for undead servants.
You hit something but do no damage. You hit something.
Something completely misses you.
You closely miss something. Something hits you.
* * * LOW HITPOINT WARNING * * *
You closely miss something.
Your tail-slap misses something.
You miss something. Something hits you!
* * * LOW HITPOINT WARNING * * *
You hit something. Something hits you!
You die...
Your body rises from the dead as a mindless zombie.

.##############
......{@ZZZZZZ#
.##.#########Z# #.#
#Z# #Z# #.# #Z#
########Z#
.......ZZ##########


You could see a friendly quokka zombie, 2 friendly hound zombies, a friendly
hobgoblin zombie, a friendly dart slug zombie, a friendly howler monkey zombie
and a friendly bombardier beetle zombie.

Vanquished Creatures
  A howler monkey (D:3)
  A bombardier beetle (D:3)
  3 dart slugs
  3 ribbon worms
  6 ball pythons
  2 endoplasms (D:2)
  5 goblins
  2 hobgoblins (D:3)
  4 quokkas
  6 bats
  4 kobolds
  3 rats
40 creatures vanquished.

Vanquished Creatures (collateral kills)
  An endoplasm (D:3)
  A ball python (D:3)
  A frilled lizard (D:3)
3 creatures vanquished.

Vanquished Creatures (others)
  A hobgoblin zombie (D:3)
1 creature vanquished.

Grand Total: 44 creatures vanquished

Notes
Turn   | Place    | Note
-------+----------+-------------------------------------------
     0 | D:1      | cdecastro the Armataur Warper began the quest for the Orb.
     0 | D:1      | Reached XP level 1. HP: 17/17 MP: 3/3
    36 | D:1      | Reached skill level 2 in Maces & Flails
   316 | D:1      | Reached XP level 2. HP: 24/24 MP: 4/4
   721 | D:2      | Reached skill level 3 in Maces & Flails
   868 | D:2      | Reached XP level 3. HP: 27/29 MP: 5/5
  1395 | D:3      | Found a faded altar of an unknown god.
  1448 | D:3      | Prayed at the altar of an unknown god.
  1448 | D:3      | Became a worshipper of Yredelemnul the Dark
  1448 | D:3      | Reached * piety under Yredelemnul
  1508 | D:3      | Reached skill level 4 in Maces & Flails
  1508 | D:3      | Reached XP level 4. HP: 19/36 MP: 6/6
  1738 | D:3      | Reached ** piety under Yredelemnul
  1801 | D:3      | Noticed Sigmund
  1815 | D:3      | Slain by Sigmund

Illustrated notes

Levels and vault maps discovered:
D:1:      psy_arrival_whirlpool, layout_rooms, glass_columns_a
D:2:      cheibrodos_helix_gallery, layout_loops_ring, serial_rivers,
          chequers_serial_rivers_micro_a, chequers_serial_rivers_small_3,
          chequers_serial_rivers_large_a, chequers_serial_rivers_micro_b,
          chequers_serial_rivers_marsh, chequers_serial_rivers_micro_a
D:3:      layout_loops_ring, nicolae_ecumenical_pavilion, serial_shops,
          nicolae_shop_waterfront, uniq_sigmund

Skill      XL: |  1  2  3 |
---------------+----------+-----
Maces & Flails | 2 3 4 |  4.7
Fighting       | |  1.7
Throwing       | |  0.8
Armour         | |  1.2
Dodging        | |  1.3
Spellcasting   | |  1.7
Translocations | |  3.0

Action                     |  1- 3 |  4- 6 || total
---------------------------+-------+-------++-------
  Melee: Mace              |    44 |       ||    44
         Dagger            |    84 |    41 ||   125
         Tailslap          |     7 |     4 ||    11
         Punch             |     1 |       ||     1
 Armour: Leather armour    |    96 |    23 ||   119
  Dodge: Dodged            |    63 |    13 ||    76
